AoeStats
← Mr. Penis

Arena

504794386Analyzed
4v4 RM · 26d ago on Sep 6, 2026· 58m 5s· 8 players
Game mode
Random Map
Map size
Large (8 player)
Population
200
Speed
Normal
Resources
Standard
Victory
Conquest
Starting age
Dark Age
Ending age
Imperial Age
RankedLock teamsTeams togetherTeam positionsShared explorationLock speedFull tech treeHidden civsTurbo modeCheats
Victory
Defeat
🇨🇳 Slavs · China
1121
+17
🇮🇹 Turks · Italy
1086
+18
🇪🇸 Japanese · Spain
1063
+19
🇷🇺 Poles · Russia
1057
+20
🇺🇸 Romans · United States
1158
-19
🇩🇪 Sicilians · Germany
1138
-19
🇧🇷 Celts · Brazil
1135
-18
🇷🇺 Jurchens · Russia
1128
-18
passami lo sdrogo
12:06 Feudal Age
17:37 Castle Age
15:25 Double-Bit Axe
15:35 Gold Mining
22:52 Imperial Age
20:36 Padded Archer Armor
20:28 Loom
25:33 Wheelbarrow
29:52 Hand Cart
30:15 Leather Archer Armor
35:18 Husbandry
37:04 Bloodlines
38:10 Stone Mining
39:29 Scale Barding Armor
39:34 Forging
39:55 Ring Archer Armor
41:08 Ballistics
40:19 Heavy Camel Rider
42:48 Gold Shaft Mining
43:41 Fortified Wall
45:01 Scale Mail Armor
45:23 Chain Barding Armor
45:40 Iron Casting
44:55 Fletching
45:36 Conscription
46:33 Murder Holes
46:49 Masonry
47:19 Horse Collar
49:53 Blast Furnace
49:29 Plate Barding Armor
50:50 Hoardings
just horsing around
6:59 Loom
10:15 Feudal Age
10:16 Man-at-Arms
12:20 Arson
13:41 Double-Bit Axe
22:16 Castle Age
20:12 Fletching
22:18 Horse Collar
23:28 Heavy Plow
25:22 Bodkin Arrow
26:52 Bow Saw
27:45 Gold Mining
28:54 Forging
28:45 Scale Mail Armor
30:13 Iron Casting
35:57 Imperial Age
35:20 Chain Mail Armor
39:43 Plate Mail Armor
40:14 Blast Furnace
40:15 Crop Rotation
40:19 Elite Obuch
41:21 Conscription
41:16 Squires
EL CID
10:49 Feudal Age
15:17 Castle Age
47:33 Fortified Wall
48:30 Loom
49:22 Wheelbarrow
Akatsukireiha
0:28 Loom
10:38 Feudal Age
11:01 Feudal Age
12:59 Wheelbarrow
12:11 Town Watch
18:01 Castle Age
17:11 Double-Bit Axe
17:14 Horse Collar
17:50 Gold Mining
24:10 Bow Saw
24:14 Heavy Plow
32:30 Imperial Age
31:51 Gold Shaft Mining
31:07 Stone Mining
31:39 Forging
31:34 Scale Barding Armor
32:58 Iron Casting
32:34 Bloodlines
32:24 Husbandry
32:43 Cavalier
33:48 Chain Barding Armor
34:16 Hand Cart
35:31 Blast Furnace
36:07 Plate Barding Armor
37:29 Conscription
36:35 Capped Ram
37:31 Siege Ram
38:46 Scale Mail Armor
39:17 Pikeman
39:57 Squires
39:58 Halberdier
41:30 Chain Mail Armor
41:20 Sappers
41:53 Druzhina
42:51 Plate Mail Armor
45:14 Man-at-Arms
46:54 Masonry
47:00 Siege Engineers
47:07 Fortified Wall
46:31 Light Cavalry
47:51 Elite Boyar
49:43 Long Swordsman
50:57 Long Swordsman
51:57 Long Swordsman
53:38 Two-Handed Swordsman
54:31 Champion
小虾米
0:38 Loom
12:02 Feudal Age
12:30 Horse Collar
12:37 Double-Bit Axe
18:21 Castle Age
16:02 Man-at-Arms
16:50 Gold Mining
16:51 Stone Mining
18:10 Scale Mail Armor
23:38 Wheelbarrow
26:49 Hand Cart
26:36 Padded Archer Armor
27:35 Long Swordsman
28:44 Chain Mail Armor
28:59 Pikeman
31:58 Gold Shaft Mining
32:08 Forging
32:42 Squires
35:48 Imperial Age
36:39 Capped Ram
36:42 Legionary
38:45 Iron Casting
38:19 Heavy Plow
39:44 Bow Saw
42:26 Crop Rotation
43:53 Siege Ram
45:36 Elite Skirmisher
Lord Housedrick
7:21 Loom
10:14 Feudal Age
11:38 Double-Bit Axe
11:36 Horse Collar
18:02 Castle Age
19:04 Bow Saw
20:11 Gold Mining
21:32 Wheelbarrow
20:43 Town Watch
21:51 Stone Mining
25:47 Fletching
35:38 Pikeman
36:35 Scale Mail Armor
36:46 Forging
39:37 Chain Mail Armor
45:45 Iron Casting
49:08 Imperial Age
48:08 Bodkin Arrow
50:25 Halberdier
52:43 Plate Mail Armor
Mr. Penis
10:54 Feudal Age
15:23 Castle Age
13:06 Horse Collar
13:27 Double-Bit Axe
16:46 Bow Saw
18:41 Fervor
20:01 Wheelbarrow
20:29 Sanctity
20:54 Heavy Plow
22:52 Loom
24:55 Gold Mining
25:43 Stone Mining
28:55 Gold Shaft Mining
28:57 Stone Shaft Mining
30:39 Siege Engineers
30:15 Treadmill Crane
30:45 Masonry
30:56 Ballistics
30:54 Hand Cart
30:25 Town Watch
34:52 Imperial Age
32:23 Town Patrol
34:34 Fortified Wall
34:20 Murder Holes
35:49 Town Patrol
36:33 Scale Barding Armor
36:38 Forging
36:19 Fletching
37:12 Crop Rotation
37:43 Two-Man Saw
37:19 Conscription
37:00 Fortified Bastions
37:35 Hoardings
37:22 Bloodlines
37:12 Husbandry
36:43 Elite Iron Pagoda
37:47 Chain Barding Armor
38:49 Iron Casting
38:47 Architecture
39:18 Chemistry
40:54 Plate Barding Armor
40:15 Bodkin Arrow
47:35 Blast Furnace
46:35 Bracer
tzsmwwl
11:06 Feudal Age
22:00 Castle Age
23:28 Gold Mining
23:28 Stone Mining
25:21 Pikeman
29:33 Light Cavalry
30:23 Bloodlines
30:14 Husbandry
Connection lost

Rejoining the realm…

Still unreachable

The connection could not be restored.

Session expired

The server has moved on; the page needs a fresh start.